 Dungeon Crawl Stone Soup version 0.26.1-11-gd32895ea62 (webtiles) character file.

Game seed: 15836273111782640501

235 Doot the Sneak (level 6, 0/28 HPs)
             Began as a Vine Stalker Enchanter on July 21, 2021.
             Succumbed to a worker ant's poison
             ... on level 4 of the Dungeon.
             The game lasted 00:06:28 (3625 turns).

Doot the Sneak (Vine Stalker Enchanter)             Turns: 3625, Time: 00:06:29

Health: 0/28       AC:  5    Str: 12    XL:     6   Next: 6%
Magic:  1/20       EV: 12    Int: 16    God:
Gold:   170        SH:  0    Dex: 14    Spells: 1/10 levels left

rFire    . . .     SeeInvis .   a - +1 dagger
rCold    . . .     Faith    .   (no shield)
rNeg     . . .     Spirit   +   h - +0 leather armour
rPois    .         Reflect  .   g - +2 hat
rElec    .         Harm     .   (no cloak)
rCorr    .         Rampage  .   (no gloves)
Will     .....                  (no boots)
Stlth    +++.......             (no amulet)
HPRegen  0.49/turn              q - ring of magical power
MPRegen  0.17/turn              (no ring)

@: lethally poisoned (0 -> -13), hasted, very quick
A: fangs 2, regeneration 1, magic shield, antimagic bite, no potion heal 3
a: no special abilities


You were on level 4 of the Dungeon.
You visited 1 branch of the dungeon, and saw 4 of its levels.

You collected 170 gold pieces.

Inventory:

Hand Weapons
 a - a +1 dagger (weapon)
Missiles
 f - a throwing net
 n - 7 curare-tipped darts
Armour
 b - a +0 robe
 g - a +2 hat (worn)
 h - a +0 leather armour (worn)
Jewellery
 q - a ring of magical power (left hand)
Wands
 x - a wand of flame (15)
Scrolls
 c - 2 scrolls of remove curse {unknown}
 e - 2 scrolls of identify {unknown}
 m - a scroll of teleportation {unknown}
 p - a scroll of enchant weapon {unknown}
 r - a scroll of fear {unknown}
 s - a scroll of magic mapping {unknown}
 t - a scroll of enchant armour {unknown}
 v - a scroll of noise {unknown}
 w - a scroll of fog {unknown}
Potions
 d - a potion of heal wounds
 i - 2 potions of brilliance {unknown}
 j - a potion of degeneration {unknown}
 k - a potion of flight {unknown}
 l - 3 potions of haste
 o - a potion of berserk rage {unknown}
 u - a potion of lignification {unknown}
 z - a potion of curing {unknown}
 A - a potion of attraction {unknown}


   Skills:
 + Level 0.2 Fighting
 + Level 1.0 Short Blades
 + Level 0.1 Armour
 + Level 1.7 Dodging
 * Level 6.0 Stealth
 + Level 2.7 Spellcasting
 * Level 4.4 Hexes
 * Level 1.7 Ice Magic


You had one spell level left.
You knew the following spells:

 Your Spells              Type           Power        Failure   Level
a - Corona                Hex            17%          4%          1
b - Ensorcelled Hibernat  Hex/Ice        24%          11%         2
c - Confusing Touch       Hex            16%          12%         3
d - Tukima's Dance        Hex            16%          12%         3

Your spell library contained the following spells:

 Spells                   Type           Power        Failure   Level
 Dazzling Flash           Conj/Hex       18%          30%         3


Dungeon Overview and Level Annotations

Branches:
Dungeon (4/15)
 Temple: D:4-7

Altars:
Dithmenos
Vehumet
Wu Jian


Innate Abilities, Weirdness & Mutations

You have extremely sharp teeth.
Your natural rate of healing is unusually fast.
When hurt, damage is shared between your health and your magic reserves.
Your bite disrupts and absorbs the magic of your enemies.
Potions cannot restore your health.


Message History

You are more poisoned.
The worker ant poisons you! The phantom hits you!
* * * LOW HITPOINT WARNING * * *
Unknown command.
* * * LOW HITPOINT WARNING * * *
You feel sick.
* * * LOW HITPOINT WARNING * * *
You feel sick.
The worker ant waves its antennae.
The worker ant bites you.
* * * LOW HITPOINT WARNING * * *
You are more poisoned.
The worker ant poisons you!
Your magical contamination has completely faded away.
It was a potion of haste.
You feel yourself speed up.
* * * LOW HITPOINT WARNING * * *
You feel sick.
The worker ant bites you but does no damage.
It was a potion of heal wounds.
That seemed strangely inert.
You die...

#.# #<##...##.# #.#
#.##...##.# #.#
#.........###### #.#
#..............#.# #.#
#.....>...####.#.# #.#
#.##...##.# .#.#
##.###.##...##.# ##.#.#
.............W.###....#
##..<.....(....B@..#..#
#####...##########.).##
####(....# ##.##
.....(...# #.#
####.....# #.# #
##...## #$# # #####
#......o..# #
#.#####...# # #.#.o.


You could see a phantom (confused) and a worker ant.

Vanquished Creatures
  An ogre (D:4)
  3 worker ants
  A howler monkey skeleton (D:3)
  An ooze (D:3)
  2 worms
  A dart slug (D:2)
  3 leopard geckos
  4 giant cockroaches
  4 goblins
  6 hobgoblins
  8 jackals
  6 kobolds
  A quokka (D:2)
  9 bats
  A frilled lizard (D:2)
  7 rats
58 creatures vanquished.

Vanquished Creatures (others)
  An adder (D:2)
1 creature vanquished.

Grand Total: 59 creatures vanquished

Notes
Turn   | Place    | Note
-------+----------+-------------------------------------------
     0 | D:1      | Doot the Vine Stalker Enchanter began the quest for the
                  | Orb.
     0 | D:1      | Reached XP level 1. HP: 9/9 MP: 4/4
   509 | D:1      | Reached XP level 2. HP: 13/13 MP: 3/6
   512 | D:1      | Learned a level 2 spell: Ensorcelled Hibernation
  1294 | D:2      | Reached skill level 4 in Stealth
  1316 | D:2      | Found a radiant altar of Vehumet.
  1319 | D:2      | Reached XP level 3. HP: 16/16 MP: 7/7
  1499 | D:2      | Found a shadowy altar of Dithmenos.
  1724 | D:2      | Learned a level 3 spell: Confusing Touch
  1973 | D:2      | Reached skill level 1 in Ice Magic
  1973 | D:2      | Gained mutation: Your natural rate of healing is unusually
                  | fast. [Vine Stalker growth]
  1973 | D:2      | Reached XP level 4. HP: 14/21 MP: 8/8
  2465 | D:3      | Found an ornate altar of the Wu Jian Council.
  2657 | D:3      | Reached skill level 1 in Short Blades
  2718 | D:3      | Reached skill level 5 in Stealth
  3058 | D:3      | Reached XP level 5. HP: 23/24 MP: 9/9
  3066 | D:3      | Learned a level 3 spell: Tukima's Dance
  3536 | D:4      | Noticed an ogre
  3542 | D:4      | Killed an ogre
  3543 | D:4      | Reached skill level 6 in Stealth
  3543 | D:4      | Reached XP level 6. HP: 28/28 MP: 11/11
  3604 | D:4      | Noticed a phantom
  3625 | D:4      | Succumbed to a worker ant's poison

Illustrated notes

Levels and vault maps discovered:
D:1:      dpeg_arrival_windows_large_door, layout_loops_ring, serial_forest,
          infiniplex_forest_clump_small, infiniplex_forest_corner_1,
          infiniplex_forest_diagonal, infiniplex_forest_clump_C,
          minmay_misc_feat_roman
D:2:      layout_basic, fiery_altar_vehumet, nicolae_dithmenos_shadow_blocks,
          minmay_pentomino_p4
D:3:      layout_loops_cross, general_overflow_altar
D:4:      layout_loops_ring, bh_walls_and_bars, uniq_pikel

Skill      XL: |  1  2  3  4  5 |
---------------+----------------+-----
Stealth        | 4 5 6 |  6.0
Ice Magic      | 1 |  1.7
Short Blades   | 1 |  1.0
Hexes          | 4 |  4.4
Fighting       | |  0.2
Armour         | |  0.1
Dodging        | |  1.7
Spellcasting   | |  2.7

Action                   |  1- 3 |  4- 6 || total
-------------------------+-------+-------++-------
Melee: Dagger            |    87 |    41 ||   128
       Bite              |    18 |     4 ||    22
Throw: Throwing net      |     1 |       ||     1
 Cast: Corona            |    20 |       ||    20
       Ensorcelled Hiber |    15 |    26 ||    41
       Confusing Touch   |       |     2 ||     2
  Use: Potion            |       |     2 ||     2
 Stab: Sleeping          |    22 |    23 ||    45
       Held in net/web   |     1 |       ||     1
       Confused          |       |     1 ||     1
Armor: Leather armour    |    33 |     7 ||    40
       Robe              |     5 |       ||     5
Dodge: Dodged            |    63 |    25 ||    88
